 Dungeon Crawl Stone Soup version 0.29.0-4-gdea44cf6ec (webtiles) character file.

Game seed: 2741245652099091413

103 iguanaiguana the Ruffian (level 4, -4/41 HPs)
             Began as a Troll Warper on Aug 27, 2022.
             Slain by a bullfrog (7 damage)
             ... in a sewer.
             The game lasted 00:06:02 (1144 turns).

iguanaiguana the Ruffian (Troll Warper)             Turns: 1144, Time: 00:06:03

Health: -4/41      AC:  4    Str: 19    XL:     4   Next: 51%
Magic:  4/4        EV:  9    Int: 11    God:
Gold:   75         SH:  4    Dex:  9    Spells: 3/5 levels left

rFire   . . .      SeeInvis .     - Unarmed
rCold   . . .      Faith    .   (no shield)
rNeg    . . .      Spirit   .   a - +0 robe
rPois   .          Reflect  .   (helmet restricted)
rElec   .          Harm     .   (no cloak)
rCorr   .          Rampage  .   (gloves unavailable)
Will    .....                   (boots unavailable)
Stlth   +.........              (no amulet)
HPRegen 0.93/turn               e - ring of flight
MPRegen 0.09/turn               (no ring)

@: attractive, flying, hasted, very quick
A: large, unfitting armour, claws 3, regeneration 1, shaggy fur 1, tough skin 1,
horns 1, large bone plates 1, deterioration 1, passive freeze
a: no special abilities


You were in a sewer.
You visited 1 branch of the dungeon, and saw 3 of its levels.
You also visited: Sewer.

You collected 75 gold pieces.

Inventory:

Hand Weapons
 m - a +1 dagger of venom
Missiles
 c - a boomerang of dispersal (quivered)
Armour
 a - a +0 robe (worn)
Jewellery
 e - a ring of flight (left claw)
Scrolls
 b - a scroll of blinking {@r4}
 g - a scroll of teleportation {unknown}
 h - 2 scrolls of fog {unknown}
 i - a scroll of vulnerability {unknown}
 j - a scroll of enchant armour {unknown}
 k - 3 scrolls of enchant weapon {unknown}
 o - 5 scrolls of identify {unknown}
 q - a scroll of fear {unknown}
 r - 2 scrolls of immolation {unknown}
 t - a scroll of acquirement {unknown}
Potions
 f - 2 potions of attraction
 l - a potion of mutation
 n - a potion of curing {unknown}
 p - a potion of berserk rage {unknown}
 s - a potion of flight {unknown}


   Skills:
 - Level 1.5 Fighting
 - Level 0.8 Throwing
 - Level 1.9 Dodging
 + Level 4.8 Unarmed Combat
 - Level 1.2 Spellcasting
 - Level 2.1 Translocations


You had 3 spell levels left.
You knew the following spells:

 Your Spells              Type           Power      Damage    Failure   Level
a - Blink                 Tloc           10%        N/A       19%         2

Your spell library contained the following spells:

 Spells                   Type           Power      Damage    Failure   Level
 Gell's Gravitas          Tloc           5%         N/A       36%         3
 Lesser Beckoning         Tloc           5%         N/A       36%         3
 Teleport Other           Tloc           5%         N/A       36%         3
 Manifold Assault         Tloc           5%         N/A       98%         5
 Freezing Cloud           Conj/Ice/Air   0%         6-21      100%        5
 Simulacrum               Ice/Necr       0%         N/A       100%        6
 Storm Form               Tmut/Air       0%         N/A       100%        7
 Polar Vortex             Ice            0%         N/A       100%        9


Dungeon Overview and Level Annotations

Branches:
Dungeon (3/15) Zot: 17015   Sewer (1/1) Zot: 5857

Altars:

Annotations:
D:3 2 transporters


Innate Abilities, Weirdness & Mutations

You are too large for most types of armour.
You have claws for hands.
Your natural rate of healing is unusually fast.
You are covered in fur. (AC +1)
You have tough skin. (AC +1)
You have a pair of small horns on your head.
You are partially covered in large bone plates. (SH +4)
Your body sometimes deteriorates upon taking damage.
A frigid envelope surrounds you and freezes all who hurt you.


Message History

You throw a boomerang of dispersal.
The boomerang of dispersal closely misses the bullfrog.
The bullfrog hits you.
Throw: 2 boomerangs (disperse)
Press: ? - help, Shift-Dir - straight line, f/p - bullfrog
Aim: a bullfrog (43% to hit)
You throw a boomerang of dispersal. The bullfrog hits you.
You barely miss the bullfrog. The bullfrog hits you.
You barely miss the bullfrog. The bullfrog hits you.
* * * LOW HITPOINT WARNING * * *
The bullfrog snags a nearby small bird with its tongue.
The bullfrog attacks as you move away!
The bullfrog snags a nearby mouse with its tongue.
The bullfrog attacks as you move away! x2; The bullfrog hits you.
* * * LOW HITPOINT WARNING * * *
The bullfrog attacks as you move away! The bullfrog hits you.
* * * LOW HITPOINT WARNING * * *
The bullfrog hits you.
* * * LOW HITPOINT WARNING * * *
The bullfrog attacks as you move away! The bullfrog hits you.
* * * LOW HITPOINT WARNING * * *
The bullfrog hits you.
* * * LOW HITPOINT WARNING * * *
The bullfrog attacks as you move away! The bullfrog hits you.
* * * LOW HITPOINT WARNING * * *
The bullfrog attacks as you move away!
It was a potion of attraction.
You feel attractive to monsters. The bullfrog hits you.
* * * LOW HITPOINT WARNING * * *
The bullfrog hits you.
* * * LOW HITPOINT WARNING * * *
Okay, then.
It was a potion of mutation.
You feel extremely strange.
Your skin feels very cold.
You feel yourself wasting away. A pair of horns grows on your head!
Large bone plates grow over parts of your arms.
The bullfrog hits you!
You die...

≈≈≈≈≈≈≈~~~~~~~~~~..∩.∩.#
####.~≈~~~~~~~..########
#~~≈~†########
#~~≈~~######################
#~~≈~~~.~....†....†.........
#.~≈~~~~~~~~~†~~~~~~~~~~~~~~
#.~≈≈≈≈≈≈≈≈≈≈≈≈≈≈≈≈≈≈≈≈≈≈≈≈≈
#~~≈~~~~~~~~F~~~~~~~≈~~≈≈≈~~
#~≈≈~~~....@F....~~≈~≈≈~~~~.
#~~≈~~#######~≈≈≈≈≈≈≈~~≈≈≈≈≈
#.~≈~~# #≈≈≈~≈≈≈≈≈≈≈≈≈≈≈≈≈
#.~≈~.# #≈≈~≈≈≈≈≈≈.~~~≈≈≈≈
#.~≈~.# #≈≈≈≈≈≈≈≈..~~.~~≈≈≈
#.~≈~.# #≈≈≈≈≈≈≈.:~~~.≈≈~≈≈
#≈≈≈≈≈≈.)$?~~.~≈≈~≈
#≈≈≈≈≈~~.$?~.~~~≈≈~
≈≈≈≈≈.~.≈≈~..~≈≈≈


You could see 2 bullfrogs.

Vanquished Creatures
  5 adders
  A worm (D:3)
  2 dart slugs
  2 bats (D:1)
  3 endoplasms (D:2)
  4 giant cockroaches
  4 goblins
  5 hobgoblins
  A kobold (D:1)
  5 quokkas
  10 ball pythons
  6 frilled lizards (Sewer)
  A rat (D:2)
49 creatures vanquished.

Notes
Turn   | Place    | Note
-------+----------+-------------------------------------------
     0 | D:1      | iguanaiguana the Troll Warper began the quest for the Orb.
     0 | D:1      | Reached XP level 1. HP: 19/19 MP: 1/1
   175 | D:1      | Reached XP level 2. HP: 27/27 MP: 2/2
   389 | D:1      | Reached skill level 3 in Unarmed Combat
   396 | D:1      | You are sucked into a shaft and drop 1 floor!
   602 | D:2      | Reached XP level 3. HP: 23/33 MP: 3/3
   625 | D:2      | Found a faded altar of an unknown god.
   704 | D:2      | Learned a level 2 spell: Blink
   753 | D:3      | Found a transporter.
   758 | D:3      | Found the +8 demon trident "Rift" {distort, reach+}
   791 | D:3      | Found a transporter.
   834 | D:3      | Noticed a small abomination
   893 | D:3      | Identified the +2 pair of gloves of the Bells {Fly rF+ rC-
                  | rN+++ Stlth+}
   942 | D:3      | Reached skill level 4 in Unarmed Combat
   953 | D:3      | Found a glowing drain.
   991 | Sewer    | Entered a sewer
  1027 | Sewer    | Reached XP level 4. HP: 17/41 MP: 4/4
  1122 | Sewer    | Noticed a bullfrog
  1122 | Sewer    | Noticed a bullfrog
  1144 | Sewer    | Gained mutation: A frigid envelope surrounds you and
                  | freezes all who hurt you. [potion of mutation]
  1144 | Sewer    | Gained mutation: Your body sometimes deteriorates upon
                  | taking damage. [potion of mutation]
  1144 | Sewer    | Gained mutation: You have a pair of small horns on your
                  | head. [potion of mutation]
  1144 | Sewer    | Gained mutation: You are partially covered in large bone
                  | plates. (SH +4) [potion of mutation]
  1144 | Sewer    | Slain by a bullfrog

Illustrated notes

Levels and vault maps discovered:
D:1:      minmay_arrival_hallway, layout_basic
D:2:      layout_basic, shapermc_ecumenical_altar_ellora
D:3:      layout_loops_ring, general_overflow_altar,
          cheibrodos_sewer_entry_bend, gammafunk_ghost_abyssal_escape,
          minmay_crystal_water, chequers_hall_statues_corner_a,
          chequers_serial_rivers_micro_c
Sewer:    sewer_frog_island_01

Skill      XL: |  1  2  3 |
---------------+----------+-----
Unarmed Combat | 3 4 |  4.8
Fighting       | |  1.5
Throwing       | |  0.8
Dodging        | |  1.9
Spellcasting   | |  1.2
Translocations | |  2.1

Action                   |  1- 3 |  4- 6 || total
-------------------------+-------+-------++-------
Melee: Unarmed           |   102 |    41 ||   143
       Punch             |     3 |     1 ||     4
Throw: Boomerang         |       |     6 ||     6
  Use: Potion            |       |     3 ||     3
Armor: Robe              |    39 |    37 ||    76
Dodge: Dodged            |    59 |    44 ||   103
